 Dungeon Crawl Stone Soup version 0.27.0-1-g7a089689b8 (webtiles) character file.

Game seed: 8629982841891217407

149 wakim the Chiller (level 5, -7/29 HPs)
             Began as a Deep Elf Ice Elementalist on Aug 16, 2021.
             Succumbed to a kobold brigand's curare-tipped dart
             ... in a sewer.
             The game lasted 00:08:50 (3263 turns).

wakim the Chiller (Deep Elf Ice Elementalist)       Turns: 3263, Time: 00:08:50

Health: -7/29      AC: 10    Str:  5    XL:     5   Next: 9%
Magic:  8/13       EV: 13    Int: 21    God:
Gold:   106        SH:  0    Dex: 15    Spells: 5/12 levels left

rFire    . . .     SeeInvis .   a - +0 short sword (flame)
rCold    . . .     Faith    .   (no shield)
rNeg     . . .     Spirit   .   e - +0 robe
rPois    .         Reflect  .   (no helmet)
rElec    .         Harm     .   (no cloak)
rCorr    .         Rampage  .   g - +0 pair of gloves
Will     .....                  (no boots)
Stlth    ++........             (no amulet)
HPRegen  0.09/turn              (no ring)
MPRegen  0.13/turn              (no ring)

@: lethally poisoned (-7 -> -36), ice-armoured, freezing walls, hasted and
slowed
A: no striking features
a: no special abilities


You were in a sewer.
You visited 1 branch of the dungeon, and saw 3 of its levels.
You also visited: Sewer.

You collected 106 gold pieces.

Inventory:

Hand Weapons
 a - a +0 short sword of flaming (weapon)
Armour
 e - a +0 robe (worn)
 g - a +0 pair of gloves (worn)
Jewellery
 i - a ring of fire
Scrolls
 f - a scroll of magic mapping {unknown}
 r - a scroll of identify
Potions
 b - a potion of flight {unknown}
 h - a potion of lignification {unknown}
 j - a potion of brilliance {unknown}


   Skills:
 + Level 1.0 Fighting
 + Level 3.0 Dodging
 - Level 2.4 Stealth
 - Level 4.0 Spellcasting
 * Level 6.2 Ice Magic


You had 5 spell levels left.
You knew the following spells:

 Your Spells              Type           Power      Damage    Failure   Level
a - Freeze                Ice            100%       1d11      1%          1
b - Frozen Ramparts       Ice            60%        1d8       2%          3
c - Ozocubu's Armour      Ice            30%        N/A       2%          3

Your spell library contained the following spells:

 Spells                   Type           Power      Damage    Failure   Level
 Blink                    Tloc           N/A        N/A       19%         2
 Hailstorm                Conj/Ice       17%        3d6       32%         4
 Conjure Flame            Conj/Fire      4%         6-21      34%         3
 Ignite Poison            Fire/Tmut/Pois 4%         N/A       34%         3
 Lesser Beckoning         Tloc           2%         N/A       34%         3
 Stone Arrow              Conj/Erth      8%         3d7       34%         3
 Olgreb's Toxic Radiance  Pois           4%         N/A       75%         4
 Sticky Flame             Conj/Fire      4%         2d3       75%         4
 Bolt of Magma            Conj/Fire/Erth 2%         4d4       97%         5
 Manifold Assault         Tloc           4%         N/A       97%         5
 Ozocubu's Refrigeration  Ice            15%        4d8       100%        7
 Ignition                 Fire           2%         3d3       100%        8
 Shatter                  Erth           2%         3d6*      100%        9


Dungeon Overview and Level Annotations

Branches:
Dungeon (3/15)              Sewer (1/1)

Altars:

Shops:
D:1 *


Message History

Moving in this stuff is going to be slow.
You enter the shallow water.
Moving in this stuff is going to be slow.
A worm and a kobold brigand come into view.
The kobold brigand is wielding a +1 dagger of venom and quivering curare-tipped darts.
The kobold brigand shouts!
The kobold brigand throws a curare-tipped dart.
The curare-tipped dart completely misses you.
The kobold brigand throws a curare-tipped dart.
The curare-tipped dart hits you.
You are poisoned.
You have difficulty breathing.
You feel yourself slow down.
You feel very sick.
Okay, then.
It was a potion of heal wounds.
You feel much better.
You feel sick.
Casting: Frozen Ramparts (dangerous; 2% risk of failure)
Confirm with . or Enter, or press ? or * to list all spells.
The walls around you are covered in ice.
You feel sick.
Casting: Frozen Ramparts (dangerous; 2% risk of failure)
Confirm with . or Enter, or press ? or * to list all spells.
A film of ice covers your body!
You feel sick.
The kobold brigand throws a curare-tipped dart.
The curare-tipped dart hits you.
You are more poisoned.
You have difficulty breathing.
You feel as though you will be slow longer.
* * * LOW HITPOINT WARNING * * *
You feel very sick.
You feel very sick.
The wall freezes the kobold brigand.
The kobold brigand throws a curare-tipped dart.
The curare-tipped dart hits you.
You are lethally poisoned!
You have difficulty breathing.
* * * LOW HITPOINT WARNING * * *
You feel as though you will be slow longer.
It was a potion of haste.
You feel yourself speed up.
You die...

#. w# #.#.#.#. #≈
≈# #≈#≈#≈#≈ #≈ ≈#
#≈#≈#≈#≈ ≈#≈
#†#≈#≈#≈ ≈.. ≈≈
#≈.≈#≈≈. #K# .#
##.###†# #.# ≈#
#≈# #≈# #≈###≈#
#≈###.# #≈@≈≈≈#
#≈≈≈≈≈# ##.≈≈##
##≈.≈## #.≈≈#
#.≈≈# #≈..# #.≈.#
#.≈≈## ##≈≈.#
#....## ##.≈≈.#
#..≈..#####..≈≈.#
##..≈.≈.≈≈≈.≈.≈##
###≈≈≈≈≈.≈..###


You could see a kobold brigand.

Vanquished Creatures
  A water moccasin skeleton (D:3)
  2 river rats (Sewer)
  An adder (Sewer)
  A worm (D:2)
  2 dart slugs
  An orc (D:3)
  2 ball pythons (D:1)
  6 bats
  7 endoplasms
  2 giant cockroaches (D:1)
  A hobgoblin (D:1)
  9 jackals
  4 quokkas
  7 frilled lizards
  4 goblins
  5 kobolds
  9 rats
64 creatures vanquished.

Notes
Turn   | Place    | Note
-------+----------+-------------------------------------------
     0 | D:1      | wakim the Deep Elf Ice Elementalist began the quest for the
                  | Orb.
     0 | D:1      | Reached XP level 1. HP: 10/10 MP: 6/6
   319 | D:1      | Reached XP level 2. HP: 15/15 MP: 6/8
   580 | D:1      | Reached skill level 5 in Ice Magic
   636 | D:1      | Found a faded altar of an unknown god.
   925 | D:1      | Reached XP level 3. HP: 19/19 MP: 7/10
   929 | D:1      | Learned a level 3 spell: Frozen Ramparts
   933 | D:1      | Learned a level 3 spell: Ozocubu's Armour
  1300 | D:1      | Found Ikhusch's General Store.
  2489 | D:3      | Identified a scroll of acquirement
  2489 | D:3      | Acquired the Unrestrained Analects
  2762 | D:3      | Reached skill level 6 in Ice Magic
  2762 | D:3      | Reached XP level 4. HP: 21/24 MP: 12/12
  3065 | D:3      | Found a glowing drain.
  3080 | Sewer    | Entered a sewer
  3116 | Sewer    | Reached XP level 5. HP: 26/28 MP: 5/13
  3187 | Sewer    | Reached skill level 1 in Fighting
  3263 | Sewer    | Succumbed to a kobold brigand's curare-tipped dart

Illustrated notes

Levels and vault maps discovered:
D:1:      lightli_arrival_boilingwater, layout_loops_corners,
          chequers_ecumenical_altar_island, serial_shops,
          nicolae_shop_behind_doors
D:2:      layout_basic, grunt_decor_one_mirror
D:3:      layout_basic, portal_sewer_entry_b, uniq_grinder
Sewer:    sewer_co_tree

Skill      XL: |  1  2  3  4  5 |
---------------+----------------+-----
Ice Magic      | 5 6 |  6.2
Spellcasting   | 4 |  4.0
Dodging        | 3 |  3.0
Fighting       | 1 |  1.0
Stealth        | |  2.4

Action                   |  1- 3 |  4- 6 || total
-------------------------+-------+-------++-------
Melee: Unarmed           |     1 |       ||     1
       Dagger            |    11 |       ||    11
       Short sword       |    18 |       ||    18
 Cast: Freeze            |    61 |     4 ||    65
       Frozen Ramparts   |     3 |     5 ||     8
       Ozocubu's Armour  |     1 |     3 ||     4
  Use: Scroll            |     2 |       ||     2
       Potion            |       |     2 ||     2
 Stab: Sleeping          |     4 |       ||     4
Armor: Robe              |    17 |     2 ||    19
Dodge: Dodged            |    41 |     5 ||    46
